 Dungeon Crawl Stone Soup version 0.21-a0-221-gfe971b9 (webtiles) character file.

57727 Gorglomux the Severer (level 14, -2/132 HPs)
             Began as a Hill Orc Earth Elementalist on Aug 24, 2017.
             Was a High Priest of Okawaru.
             Killed from afar by Frances (54 damage)
             ... with an iron shot
             ... on level 13 of the Dungeon.
             The game lasted 00:55:35 (34185 turns).

Gorglomux the Severer (HOEE)                       Turns: 34185, Time: 00:55:36

Health: -2/132     AC: 20    Str: 19    XL:     14   Next: 87%
Magic:  15/21      EV: 11    Int: 15    God:    Okawaru [*****.]
Gold:   1300       SH:  9    Dex: 11    Spells: 15/16 levels left

rFire    + . .     SeeInvis .   a - +3 broad axe (flame) {god gift}
rCold    + . .     Gourm    .   c - +3 buckler of the Unstoppable Orbs {Str+3}
rNeg     . . .     Faith    +   J - +3 chain mail {rC+}
rPois    .         Spirit   .   (no helmet)
rElec    .         Reflect  .   k - scarf {repulsion} {god gift}
rCorr    +         Harm     .   A - +2 pair of gloves
MR       +....                  (no boots)
Stlth    ..........             j - amulet of faith
HPRegen  0.32/turn              f - ring of protection from fire
MPRegen  0.17/turn              g - ring of resist corrosion

@: heroism, finesse, repel missiles
A: no striking features
a: Heroism, Finesse, Renounce Religion


You were on level 13 of the Dungeon.
You worshipped Okawaru.
Okawaru was extremely pleased with you.
You were hungry.

You visited 3 branches of the dungeon, and saw 20 of its levels.
You also visited: Labyrinth, Sewer, Ossuary and Bailey.

You collected 1300 gold pieces.

Inventory:

Hand Weapons
 a - a +3 broad axe of flaming (weapon) {god gift}
Missiles
 u - 10 javelins (quivered)
 Z - a throwing net
Armour
 c - the +3 buckler of the Unstoppable Orbs (worn) {Str+3}
   (You found it on level 6 of the Lair of Beasts)

   It affects your strength (+3).
 k - a scarf of repulsion (worn) {god gift}
 A - a +2 pair of gloves (worn)
 J - a +3 chain mail of cold resistance (worn)
Jewellery
 f - a ring of protection from fire (left hand)
 g - a ring of resist corrosion (right hand)
 j - an amulet of faith (around neck)
 l - an uncursed ring of flight
Wands
 x - a wand of iceblast (8/15)
 D - a wand of digging (4/24)
 H - a wand of digging (16/24)
 I - a wand of iceblast (9/15)
 L - a wand of lightning (7/15)
 P - a wand of paralysis (4/24)
 S - a wand of scattershot (4/9)
 Y - a wand of flame (30/48)
Scrolls
 e - 2 scrolls of enchant armour
 y - 2 scrolls of brand weapon
 E - a scroll of holy word
 K - 4 scrolls of immolation
 M - a scroll of magic mapping
 T - 7 scrolls of teleportation
 W - 2 scrolls of summoning
 X - 5 scrolls of remove curse
Potions
 h - 4 potions of mutation {!q}
 n - 11 potions of flight
 p - 4 potions of haste
 r - 2 potions of heal wounds
 v - 5 potions of lignification
 w - a potion of might
 C - 2 potions of ambrosia
 F - a potion of berserk rage
 G - 2 potions of invisibility
 O - 3 potions of agility
 Q - 2 potions of curing
 V - 2 potions of magic
Miscellaneous
 U - a box of beasts
Comestibles
 d - 13 bread rations
 z - 11 meat rations
 N - 18 fruits


   Skills:
 + Level 14.2(19.2) Fighting
 - Level 18.4(23.4) Axes
 + Level 10.8(15.8) Armour
 - Level 1.5(6.5) Dodging
 - Level 1.5(6.5) Stealth
 + Level 5.8(10.8) Shields
 - Level 1.5 Spellcasting
   Level 0.6 Transmutations
 - Level 3.0 Earth Magic
 - Level 9.7 Invocations
 - Level 10.0 Evocations


You had 15 spell levels left.
You knew the following spells:

 Your Spells              Type           Power        Failure   Level  Hunger
a - Sandblast             Erth           ##....       36%         1    ##.....


Dungeon Overview and Level Annotations

Branches:
Dungeon (13/15)            Temple (1/1) D:5            Lair (6/6) D:8
 Shoals (0/4) Lair:4       Spider (0/4) Lair:3        Slime (0/5) Lair:6
    Orc (0/2) D:12
 Vaults: D:13-14

Altars:
Ashenzari
Cheibriados
Dithmenos
Elyvilon
Fedhas
Gozag
Makhleb
Okawaru
Ru
Sif Muna
Uskayaw
Vehumet
Wu Jian
Xom
Yredelemnul
Zin
Jiyva

Shops:
D:5 =

Portals:
Trove: D:10 (give +5 fire dragon scales)

Annotations:
D:5 2 transporters
D:13 Frances


Message History

You slice Frances like a ripe choko!!! You burn Frances!
Frances is heavily wounded!
Frances hits you but does no damage!
You open Frances like a pillowcase!!!!!!
You burn Frances!
Frances is severely wounded!
You cut Frances into ribbons!!! You burn Frances!
Frances is severely wounded!
Butt open Frances like a pillowcase!
You burn Frances!
Frances is severely wounded!
Frances whispers indecipherable words!
You open Butts like a pillowcase!!! You burn Frances!
Frances is almost dead!
You open the smoke demon like a pillowcase!
You barely miss Frances!
Frances is almost dead!
You carve the smoke demon butt a ham!!!
Frances chants phrases taken from a devil's mouth!
The butt shot hits you!!! rip

.... #########..).
#............
#............
#.....4......
#............
#.....@......
#....@.......
#...3........
##.........(...
#.............#
#.............#
#####.............#
#...#.............#
#...#.............#
.
#...#.............#


You could see Frances, an ice devil and a smoke demon.

Vanquished Creatures
  Snorg (Lair:4)
  A minotaur (Lab)
  7 hydras
  3 two-headed ogres
  The ghost of Gorglomux the Cleaver, a novice HOEE of Okawaru (D:7)
  2 catoblepae
  5 death yaks
  A death knight (D:13)
  Urug (Lair:4)
  A deep troll shaman (Lair:6)
  A death drake (shapeshifter) (D:13)
  An unseen horror (D:10)
  A wolf spider (Lair:3)
  An ugly thing (D:12)
  4 elephants (Lair:6)
  Joseph (D:7)
  6 black mambas
  18 spiny frogs
  10 komodo dragons
  A komodo dragon (shapeshifter) (D:8)
  2 rime drakes
  A harpy zombie (D:13)
  A queen bee (D:10)
  3 hornets
  8 slime creatures
  5 polar bears
  A snapping turtle (Lair:4)
  30 blink frogs
  10 hippogriffs
  2 redbacks (Lair:3)
  2 wraiths
  Sigmund (D:6)
  19 yaks
  2 wyverns
  2 basilisks
  A hungry ghost (D:11)
  14 water moccasins
  11 porcupines
  Duvessa (D:7)
  5 orc warriors
  3 ice beasts
  4 black bears
  6 sky beasts
  An eye of draining (D:12)
  A phantom (D:6)
  12 wolves
  11 centaurs
  6 ogres
  10 crocodiles
  18 bullfrogs
  A gnoll sergeant (D:8)
  Dowan (D:7)
  A water moccasin skeleton (D:8)
  A scorpion (D:10)
  23 killer bees
  13 wights
  2 howler monkeys
  3 electric eels
  6 crimson imps
  7 hounds
  4 jellies
  4 orc priests
  A bullfrog skeleton (D:8)
  5 centaur skeletons
  6 iguanas
  Ijyb (D:5)
  2 orc wizards
  2 hell rats (D:8)
  13 worker ants
  2 killer bee zombies
  A centaur simulacrum (D:11)
  2 hound zombies
  2 hound skeletons
  A mummy (Ossuary)
  7 gnolls
  A river rat (D:3)
  17 adders
  2 hound simulacra (D:11)
  A shadow imp (D:6)
  5 white imps (D:11)
  2 worms
  2 adder skeletons
  4 dart slugs (D:1)
  2 leopard geckos
  32 orcs
  5 giant cockroaches
  13 goblins
  9 hobgoblins
  19 jackals
  18 kobolds
  10 quokkas
  9 ball pythons
  9 bats
  6 frilled lizards
  4 gnoll skeletons (Ossuary)
  3 kobold skeletons (Ossuary)
  A leopard gecko zombie (D:8)
  18 orc skeletons (Ossuary)
  A quokka skeleton (D:6)
  18 rats
  3 fungi
  6 plants
591 creatures vanquished.

Vanquished Creatures (others)
  A phantom (D:10)
  A centaur skeleton (D:10)
  A bush (Lair:6)
  15 fungi
  9 plants
27 creatures vanquished.

Grand Total: 618 creatures vanquished

Notes
Turn   | Place    | Note
-------+----------+-------------------------------------------
     0 | D:1      | Gorglomux the Hill Orc Earth Elementalist began the quest for the Orb.
     0 | D:1      | Reached XP level 1. HP: 14/14 MP: 3/3
    13 | D:1      | Reached skill level 1 in Fighting
   171 | D:1      | Reached XP level 2. HP: 11/24 MP: 0/4
   619 | D:1      | Reached skill level 3 in Fighting
   774 | D:1      | Reached XP level 3. HP: 21/31 MP: 3/5
  1707 | D:2      | Reached XP level 4. HP: 21/40 MP: 0/6
  2889 | D:2      | Reached XP level 5. HP: 41/48 MP: 2/7
  3373 | D:2      | Reached skill level 6 in Fighting
  3507 | D:3      | Found a glowing drain.
  3549 | Sewer    | Entered a sewer
  4223 | Sewer    | Reached XP level 6. HP: 33/58 MP: 8/8
  6743 | D:4      | Found a deep blue altar of Sif Muna.
  6803 | D:4      | Reached XP level 7. HP: 46/69 MP: 7/9
  6833 | D:4      | Reached skill level 1 in Axes
  7235 | D:5      | Entered Level 5 of the Dungeon
  7255 | D:5      | Reached skill level 2 in Axes
  7255 | D:5      | Reached skill level 1 in Armour
  7484 | D:5      | Found Woczoatigi's Jewellery Shop.
  7493 | D:5      | Found a staircase to the Ecumenical Temple.
  7590 | Temple   | Entered the Ecumenical Temple
  7673 | Temple   | Became a worshipper of Warmaster Okawaru
  7737 | D:5      | Reached skill level 3 in Axes
  7898 | D:5      | Found a burning altar of Makhleb.
  7907 | D:5      | Noticed an efreet
  7949 | D:5      | Reached skill level 4 in Axes
  7949 | D:5      | Reached skill level 3 in Armour
  7981 | D:5      | Found a transporter.
  8003 | D:5      | Noticed Ijyb
  8037 | D:5      | Killed Ijyb
  8037 | D:5      | Reached XP level 8. HP: 70/75 MP: 10/10
  8054 | D:5      | Found a transporter.
  8160 | D:5      | Reached skill level 5 in Axes
  8619 | D:6      | Noticed Sigmund
  8632 | D:6      | Killed Sigmund
  8632 | D:6      | Reached * piety under Okawaru
  8692 | D:6      | Reached skill level 6 in Axes
  8975 | D:6      | Reached skill level 7 in Axes
  8981 | D:6      | Reached skill level 6 in Armour
  9052 | D:6      | Found a hide-covered altar of Uskayaw.
  9180 | D:6      | Found a blossoming altar of Fedhas.
  9529 | D:6      | Reached ** piety under Okawaru
  9529 | D:6      | Reached XP level 9. HP: 80/82 MP: 11/11
  9566 | D:6      | Reached skill level 8 in Axes
 10089 | D:7      | Noticed Joseph
 10110 | D:7      | Killed Joseph
 10110 | D:7      | Reached skill level 9 in Axes
 10186 | D:7      | Found a sand-covered staircase.
 10193 | Ossuary  | Entered an ossuary
 10350 | Ossuary  | Reached skill level 10 in Axes
 10482 | D:7      | Noticed Duvessa
 10483 | D:7      | Noticed Dowan
 10518 | D:7      | Killed Duvessa
 10538 | D:7      | Reached skill level 3 in Invocations
 10761 | D:7      | Noticed Gorglomux's ghost (novice HOEE)
 10802 | D:7      | Reached *** piety under Okawaru
 11529 | D:7      | Reached skill level 11 in Axes
 11550 | D:7      | Killed Dowan
 11550 | D:7      | Reached XP level 10. HP: 80/90 MP: 12/14
 11881 | D:7      | Killed Gorglomux's ghost
 11881 | D:7      | Reached skill level 6 in Invocations
 11902 | D:7      | Reached **** piety under Okawaru
 12029 | D:8      | Noticed a death yak
 12030 | D:8      | Noticed a death yak
 12095 | D:7      | Reached skill level 12 in Axes
 13147 | D:8      | Noticed a two-headed ogre
 13759 | D:8      | Noticed a death yak
 13801 | D:8      | Reached skill level 9 in Invocations
 14833 | D:8      | Reached skill level 13 in Axes
 15130 | D:9      | Noticed a two-headed ogre
 15507 | D:9      | Found a flagged portal.
 15523 | Bailey   | Entered a bailey
 16268 | D:9      | Paralysed by a hornet for 2 turns
 16312 | D:9      | Found a white marble altar of Elyvilon.
 16318 | D:9      | Noticed a two-headed ogre
 16334 | D:9      | Killed a two-headed ogre
 16334 | D:9      | Reached ***** piety under Okawaru
 16334 | D:9      | Reached skill level 9 in Fighting
 16334 | D:9      | Reached XP level 11. HP: 74/97 MP: 18/18
 16582 | D:9      | Killed a two-headed ogre
 16745 | D:10     | Entered Level 10 of the Dungeon
 17133 | D:10     | Reached skill level 3 in Evocations
 17167 | D:10     | Received a gift from Okawaru
 17293 | D:10     | Got an ivory quarterstaff {god gift}
 17294 | D:10     | Identified the +7 quarterstaff "Buaxucos" {god gift, crush, Int+4 SInv} (Okawaru gifted it to you on level 10 of the Dungeon)
 17354 | D:10     | Killed an unseen horror
 17406 | D:10     | Reached skill level 14 in Axes
 18137 | D:10     | Found a portal to a secret trove of treasure.
 18162 | D:10     | Paralysed by a hornet for 3 turns
 18546 | D:10     | Noticed a two-headed ogre
 18556 | D:10     | Killed a two-headed ogre
 20149 | D:8      | Killed a death yak
 20149 | D:8      | Received a gift from Okawaru
 20165 | D:8      | Killed a death yak
 20165 | D:8      | Received a gift from Okawaru
 20165 | D:8      | Reached XP level 12. HP: 45/108 MP: 13/19
 20373 | D:8      | Found a staircase to the Lair.
 20477 | Lair:1   | Entered Level 1 of the Lair of Beasts
 20522 | Lair:1   | Reached skill level 15 in Axes
 20522 | Lair:1   | Reached skill level 6 in Evocations
 20748 | Lair:1   | Noticed a seven-headed hydra
 20764 | Lair:1   | Killed a seven-headed hydra
 21946 | Lair:2   | Received a gift from Okawaru
 22016 | Lair:2   | Found a labyrinth entrance.
 22028 | Lab      | Entered a labyrinth
 22179 | Lab      | Noticed a minotaur
 22189 | Lab      | Killed a minotaur
 22197 | Lab      | Got a polished cloak
 22203 | Lab      | Identified the +2 cloak "Kumyxuq" {-Tele +Inv rC- Regen+} (You found it in a labyrinth)
 22882 | Lair:2   | Reached skill level 9 in Armour
 23377 | Lair:3   | Found a hole to the Spider Nest.
 23397 | Lair:3   | HP: 4/108 [poisoned by a wolf spider]
 23753 | Lair:3   | Reached skill level 16 in Axes
 23897 | Lair:3   | Noticed an eight-headed hydra
 23911 | Lair:3   | Killed an eight-headed hydra
 23911 | Lair:3   | Received a gift from Okawaru
 24075 | Lair:3   | Reached XP level 13. HP: 78/114 MP: 20/20
 25103 | Lair:4   | Got a bloodstained great mace
 25104 | Lair:4   | Identified the +5 great mace "Ahan" {freeze, rPois rF+ Int-3} (You found it on level 4 of the Lair of Beasts)
 25165 | Lair:4   | Reached skill level 1 in Shields
 25526 | Lair:4   | Noticed Snorg
 25885 | Lair:4   | Reached skill level 9 in Evocations
 25898 | Lair:4   | Reached ****** piety under Okawaru
 25953 | Lair:4   | Killed Snorg
 26132 | Lair:4   | Noticed Urug
 26144 | Lair:4   | Killed Urug
 26322 | Lair:4   | Found a staircase to the Shoals.
 26458 | Lair:4   | Reached skill level 3 in Shields
 27157 | Lair:5   | Received a gift from Okawaru
 27162 | Lair:5   | Reached skill level 17 in Axes
 28223 | Lair:6   | Entered Level 6 of the Lair of Beasts
 28250 | Lair:6   | Reached skill level 12 in Fighting
 28254 | Lair:6   | Received a gift from Okawaru
 28633 | Lair:6   | Found a staircase to the Slime Pits.
 28634 | Lair:6   | Found a viscous altar of Jiyva.
 29045 | Lair:6   | Reached XP level 14. HP: 119/126 MP: 21/21
 30261 | Lair:6   | Reached skill level 18 in Axes
 31471 | Lair:6   | Identified the +3 buckler of the Unstoppable Orbs {Str+3} (You found it on level 6 of the Lair of Beasts)
 31539 | Lair:6   | Received a gift from Okawaru
 32386 | D:8      | Found the +0 sword of Power
 32886 | D:12     | Found a staircase to the Orcish Mines.
 32894 | D:12     | Paralysed by a hornet for 2 turns
 33112 | D:12     | Found a shimmering altar of Xom.
 33120 | D:12     | Received a gift from Okawaru
 34165 | D:13     | Noticed Frances
 34185 | D:13     | Killed from afar by Frances

Vault maps used:
D:1:      erik_arrival_orb_chamber
D:3:      cheibrodos_sewer_entry_sluice
D:4:      lemuel_doored_altar
D:5:      gammafunk_temple_overflow_arena, minmay_temple_entry_poolview,
          first_bread, serial_shops, nicolae_shop_crystal,
          kennysheep_generic_room_13, uniq_ijyb
D:6:      lemuel_crystal_altar, marbit_many_paths, uniq_sigmund
D:7:      chequers_ossuary_entry_cave, uniq_duvessa, uniq_joseph
D:8:      dpeg_lair_monsters, minmay_pinched_square
D:9:      nicolae_overflow_hidden_temple, lemuel_crystal_altar, enter_bailey_3,
          bh_walls_and_bars
D:10:     enter_trove_1, david_nohive_1, st_stairs_1,
          hangedman_abyss_or_decor_slice, grunt_ministairs_10,
          lemuel_flame_loot_1
D:11:     serial_ice, serial_ice_h, serial_ice_m, serial_ice_g, serial_ice_k
D:12:     orc_0_dummy, basic_altar
D:13:     uniq_frances
Temple:   eino_temple_rhombus
Lair:1:   grunt_forest_stairs_basic
Lair:2:   lab_entry_generic, serial_bayou_shore_b
Lair:3:   spider_nest_entry_funnel_web, infiniplex_staircase_pool
Lair:4:   minmay_shoals_entry_hut, uniq_snorg, uniq_urug
Lair:5:   grunt_megastairs_5
Lair:6:   grunt_lair_end_beastmaster, slime_altar_1, serial_bayou_shore_b,
          grunt_megastairs_1, lemuel_fruit_tree
Lab:      labyrinth_watery, nicolae_lab_x
Sewer:    sewer_co_scattered_pipes
Ossuary:  ossuary_due_mausoleum
Bailey:   bailey_polearm_2, bailey

Skill      XL: |  1  2  3  4  5  6  7  8  9 10 11 12 13 14 |
---------------+-------------------------------------------+-----
Fighting       | 1 3 4 5 6 8 9 10 12 14 | 14.2
Axes           | 4 7 11 13 14 16 17 18 | 18.4
Armour         | 3 6 7 9 10 | 10.8
Invocations    | 5 9 |  9.7
Evocations     | 2 5 8 10 | 10.0
Shields        | 4 5 |  5.8
Dodging        | |  1.5
Stealth        | |  1.5
Spellcasting   | |  1.5
Transmutations | |  0.6
Earth Magic    | |  3.0

Action                   |  1- 3 |  4- 6 |  7- 9 | 10-12 | 13-15 || total
-------------------------+-------+-------+-------+-------+-------++-------
Melee: Unarmed           |    75 |       |     7 |     2 |       ||    84
       Whip              |    40 |   884 |    24 |       |       ||   948
       War axe           |       |       |   350 |   744 |       ||  1094
       Punch             |       |       |     1 |     3 |       ||     4
       Battleaxe         |       |       |       |   113 |   437 ||   550
       Dire flail        |       |       |       |    20 |       ||    20
       Great mace        |       |       |       |       |    31 ||    31
       Broad axe         |       |       |       |       |   222 ||   222
 Fire: Shortbow          |       |       |    56 |    44 |       ||   100
 Cast: Sandblast         |    29 |    78 |    34 |       |       ||   141
Invok: Heroism           |       |       |    10 |    30 |    21 ||    61
       Finesse           |       |       |       |     3 |     7 ||    10
Evoke: Wand              |       |     1 |       |    12 |     4 ||    17
  Use: Scroll            |       |     6 |     5 |    22 |     8 ||    41
       Potion            |       |       |       |     7 |     3 ||    10
 Stab: Paralysed         |       |     7 |       |     5 |     7 ||    19
       Sleeping          |       |       |       |     1 |       ||     1
  Eat: Chunk             |     3 |    13 |    15 |    20 |    23 ||    74
       Fruit             |       |     3 |       |       |       ||     3
       Meat ration       |       |     1 |       |     2 |       ||     3
       Royal jelly       |       |       |     1 |     6 |     4 ||    11
Armor: Robe              |    25 |   160 |       |       |       ||   185
       Ring mail         |       |    79 |    39 |       |       ||   118
       Chain mail        |       |       |   208 |   576 |   351 ||  1135
Dodge: Dodged            |    97 |   469 |   171 |   336 |   241 ||  1314
       Deflected         |       |       |       |       |     2 ||     2
Block: Buckler           |       |       |       |       |    60 ||    60

Table legend:
 A = Spawn XP
 B = Non-spawn XP
 C = Spawn XP percentage of total XP
 D = Spawn monster count
 E = Non-spawn monster count
 F = Spawn count percentage of total count
 G = Total turns spent on level
                    A         B        C        D         E        F      G
               +---------+---------+-------+---------+---------+-------+---------
         Total |   15454 |   67014 |  18.7 |     117 |     465 |  20.1 | 34185
               +---------+---------+-------+---------+---------+-------+---------
           D:1 |      22 |      50 |  30.6 |      10 |      31 |  24.4 |  1793
           D:2 |       6 |     100 |   5.7 |       3 |      22 |  12.0 |  1528
           D:3 |      18 |      95 |  15.9 |       4 |      21 |  16.0 |  1154
           D:4 |     121 |     240 |  33.5 |       3 |      13 |  18.8 |  1333
           D:5 |      50 |     647 |   7.2 |       1 |      13 |   7.1 |  1495
           D:6 |     250 |    1128 |  18.1 |       5 |      18 |  21.7 |  1516
           D:7 |     989 |    2817 |  26.0 |      14 |      24 |  36.8 |  3283
           D:8 |     518 |    4767 |   9.8 |       7 |      46 |  13.2 |  2228
           D:9 |    1450 |    1080 |  57.3 |       8 |       8 |  50.0 |  1434
          D:10 |     595 |    3663 |  14.0 |       6 |      28 |  17.6 |  1899
          D:11 |     211 |    1643 |  11.4 |       7 |      19 |  26.9 |  1320
          D:12 |     207 |    3514 |   5.6 |       4 |      22 |  15.4 |  1082
          D:13 |      36 |    4871 |   0.7 |       1 |      15 |   6.2 |   341
        Lair:1 |     389 |    2791 |  12.2 |       1 |      13 |   7.1 |  1247
        Lair:2 |     281 |    3112 |   8.3 |       2 |      14 |  12.5 |  1112
        Lair:3 |    3089 |    4391 |  41.3 |      15 |      18 |  45.5 |  2034
        Lair:4 |    1552 |    7216 |  17.7 |       6 |      14 |  30.0 |  2113
        Lair:5 |    1565 |    4823 |  24.5 |       6 |      15 |  28.6 |  1089
        Lair:6 |    4105 |   18636 |  18.1 |      14 |      54 |  20.6 |  3786
           Lab |       0 |    1098 |   0.0 |       0 |       1 |   0.0 |   203
         Sewer |       0 |      60 |   0.0 |       0 |      24 |   0.0 |  1427
       Ossuary |       0 |     257 |   0.0 |       0 |      27 |   0.0 |   284
        Bailey |       0 |      15 |   0.0 |       0 |       5 |   0.0 |   384
               +---------+---------+-------+---------+---------+-------+---------
